 Dungeon Crawl Stone Soup version 0.19-a0-1223-gf83d13a (webtiles) character file.

32 Ijustatesigmund the Sneak (level 3, 0/21 HPs)
             Began as an Octopode Wizard on Aug 24, 2016.
             Slain by an adder (3 damage)
             ... on level 2 of the Dungeon.
             The game lasted 00:03:23 (1563 turns).

Ijustatesigmund the Sneak (Octopode Wizard)         Turns: 1563, Time: 00:03:23

Health: 0/21       AC:  1    Str:  6    XL:     3   Next: 25%
Magic:  7/7        EV: 13    Int: 21    God:
Gold:   72         SH:  0    Dex: 10    Spells: 3 memorised, 3 levels left

rFire  . . .     SeeInvis +     d - +0 short sword
rCold  . . .     Gourm    .     (no shield)
rNeg   . . .     Faith    .     a - +0 hat
rPois  .         Spirit   .     (no amulet)
rElec  .         Dismiss  .     h - ring of see invisible
rCorr  .         Reflect  .     (no ring)
MR     .....     Harm     .     (no ring)
Stlth  +++.......               (no ring)
                                (no ring)
                                (no ring)
                                (no ring)
                                (no ring)

@: lethally poisoned (0 -> -2), very slightly contaminated, repel missiles,
invisible
A: almost no armour, amphibious, 8 rings, constrict 8, camouflage 1, gelatinous
body 1
a: no special abilities


You were on level 2 of the Dungeon.
You were not hungry.

You visited 1 branch of the dungeon, and saw 2 of its levels.

You collected 72 gold pieces.

Inventory:

Hand Weapons
 d - a +0 short sword (weapon)
Armour
 a - a +0 hat (worn)
Jewellery
 h - a ring of see invisible (left tentacle)
Scrolls
 g - a scroll of immolation {unknown}
 i - a scroll of remove curse {unknown}
Potions
 f - a potion of degeneration {unknown}
Books
 b - a book of Minor Magic

   Spells                             Type                      Level
   a - Magic Dart                     Conjuration                  1
   b - Blink                          Translocation                2
   c - Call Imp                       Summoning                    2
   d - Repel Missiles                 Charms/Air                   2
   e - Slow                           Hexes                        2
   f - Conjure Flame                  Conjuration/Fire             3
   g - Mephitic Cloud                 Conjuration/Poison/Air       3
Comestibles
 c - a bread ration


   Skills:
 - Level 2.0 Dodging
 - Level 3.6 Stealth
 - Level 3.0 Spellcasting
 + Level 2.2 Conjurations
   Level 1.0 Summonings
 + Level 1.5 Translocations


You had 3 spell levels left.
You knew the following spells:

 Your Spells              Type           Power        Failure   Level  Hunger
a - Magic Dart            Conj           ##..         8%          1    None
b - Blink                 Tloc           N/A          12%         2    ##.....
c - Repel Missiles        Chrm/Air       #.....       21%         2    ##.....


Dungeon Overview and Level Annotations

Branches:
Dungeon (2/15)

Altars:


Innate Abilities, Weirdness & Mutations

You cannot wear most types of armour.
You are amphibious.
You can wear up to eight rings at the same time.
You can use your tentacles to constrict eight enemies at once.
Your skin changes colour to match your surroundings (Stealth+).
Your rubbery body absorbs attacks. (AC +1, EV +1)


Message History

You are too injured to fight recklessly!
You are too injured to fight recklessly!
You are too injured to fight recklessly!
You are too injured to fight recklessly!
You are too injured to fight recklessly!
It was a potion of invisibility.
You fade into invisibility!
You constrict the adder. The adder bites you.
* * * LOW HITPOINT WARNING * * *
You are very lightly contaminated with residual magic.
You barely miss the adder.
The adder is moderately wounded.
You constrict the adder.
The adder struggles to escape constriction.
You hit the adder but do no damage.
The adder is heavily wounded.
You constrict the adder.
* * * LOW HITPOINT WARNING * * *
You feel sick. The adder bites you.
You die...

##.# #.# ##+###.÷# #.#
##...##.## #.#
.####.......# ### #.#
..........## ##.###.#
#.........####...##.##
+.........+...........
#.........####...##.##
#...S@..†##..<..###.#
....#.....###.###.#
#.# # ##...## #
###.###.# ##+##
#.......# #.#.#####
#.#.# # #.# ..# ###


You could see an adder.

Vanquished Creatures
  2 dart slugs
  3 giant geckos (D:1)
  A goblin (D:1)
  3 hobgoblins (D:1)
  2 bats (D:1)
  2 giant newts
  9 kobolds (D:1)
  4 rats (D:1)
26 creatures vanquished.

Notes
Turn   | Place    | Note
-------+----------+-------------------------------------------
     0 | D:1      | Ijustatesigmund the Octopode Wizard began the quest for the Orb.
     0 | D:1      | Reached XP level 1. HP: 11/11 MP: 4/4
   398 | D:1      | Reached XP level 2. HP: 12/17 MP: 0/6
   797 | D:1      | Learned a level 2 spell: Blink
   800 | D:1      | Learned a level 2 spell: Repel Missiles
  1184 | D:1      | Reached XP level 3. HP: 18/21 MP: 7/7
  1563 | D:2      | Slain by an adder

Vault maps used:
D:1:      dpeg_arrival_radiant
D:2:      minmay_tree_intersection, uniq_iyjb

Skill      XL: |  1  2 |
---------------+-------+-----
Stealth        | 3 |  3.6
Conjurations   | 2 |  2.2
Dodging        | |  2.0
Spellcasting   | |  3.0
Summonings     | |  1.0
Translocations | |  1.5

Action                   || total
-------------------------++-------
Melee: Short sword       ||    30
       Constrict         ||     8
       Tentacles         ||     1
 Cast: Magic Dart        ||    33
       Repel Missiles    ||     1
  Use: Scroll            ||     3
       Potion            ||     1
 Stab: Sleeping          ||     3
  Eat: Chunk             ||     2
Armor: Skin              ||     1
Dodge: Dodged            ||    14
       Deflected         ||     1
